AoeStats
← _gaara_

African Clearing

510698910Analyzed
4v4 RM · 14h ago on Oct 2, 2026· 56m 47s· 8 players
Game mode
Random Map
Map size
Large (8 player)
Population
200
Speed
Normal
Resources
Standard
Victory
Conquest
Starting age
Dark Age
Ending age
Imperial Age
RankedLock teamsTeams togetherTeam positionsShared explorationLock speedFull tech treeHidden civsTurbo modeCheats
Victory
Defeat
🇨🇷 Japanese · Costa Rica
916
+14
🇨🇳 Bohemians · China
903
+14
🇲🇽 Franks · Mexico
889
+15
🇵🇪 Britons · Peru
859
+16
🇭🇰 Huns · Hong Kong SAR China
919
-18
🇨🇳 Gurjaras · China
904
-16
🇺🇸 Franks · United States
900
-16
🇺🇸 Mongols · United States
713
-9
Borzak4113
5:12 Loom
15:12 Feudal Age
21:44 Double-Bit Axe
22:40 Forging
23:42 Scale Barding Armor
31:24 Castle Age
32:20 Fletching
33:07 Iron Casting
32:53 Chain Barding Armor
35:14 Husbandry
34:35 Light Cavalry
37:16 Stone Mining
42:15 Wheelbarrow
41:27 Town Watch
47:42 Imperial Age
49:38 Blast Furnace
49:13 Plate Barding Armor
50:53 Bow Saw
51:51 Conscription
52:26 Chivalry
56:04 Cavalier
57:04 Scale Mail Armor
Vanadis
4:45 Loom
15:55 Feudal Age
17:24 Double-Bit Axe
21:54 Padded Archer Armor
22:48 Fletching
24:34 Wheelbarrow
23:58 Gold Mining
27:16 Castle Age
27:24 Crossbowman
28:05 Bodkin Arrow
28:26 Leather Archer Armor
28:55 Leather Archer Armor
30:35 Hand Cart
35:17 Ballistics
35:00 Pikeman
35:40 Squires
35:53 Forging
35:44 Scale Mail Armor
38:35 Horse Collar
40:23 Gold Shaft Mining
45:14 Imperial Age
46:04 Iron Casting
45:44 Chain Mail Armor
45:54 Bow Saw
45:48 Arbalester
47:25 Bracer
57:22 Heavy Plow
_gaara_
7:37 Loom
15:31 Feudal Age
15:45 Man-at-Arms
17:06 Scale Mail Armor
17:17 Forging
16:58 Arson
17:44 Double-Bit Axe
20:51 Wheelbarrow
21:10 Horse Collar
21:54 Fletching
26:52 Castle Age
25:57 Gold Mining
25:58 Stone Mining
26:04 Stone Mining
27:58 Bodkin Arrow
30:22 Bow Saw
32:53 Padded Archer Armor
33:29 Elite Skirmisher
37:57 Leather Archer Armor
39:52 Heavy Plow
41:08 Town Watch
43:46 Chain Mail Armor
45:33 Iron Casting
49:29 Hand Cart
52:57 Imperial Age
52:14 Gold Shaft Mining
54:12 Plate Mail Armor
56:39 Blast Furnace
hrxexe
3:41 Loom
14:44 Feudal Age
23:03 Castle Age
21:35 Double-Bit Axe
21:32 Horse Collar
23:45 Heavy Plow
23:57 Bow Saw
24:16 Pikeman
26:32 Chemistry
28:55 Light Cavalry
32:51 Wheelbarrow
36:46 Imperial Age
34:32 Hand Cart
35:11 Ballistics
35:01 Fortified Wall
37:06 Halberdier
37:47 Squires
39:20 Conscription
39:38 Elite Hussite Wagon
41:04 Fletching
41:14 Padded Archer Armor
41:41 Murder Holes
43:14 Wagenburg Tactics
43:44 Houfnice
46:56 Siege Engineers
46:37 Arrowslits
46:52 Bodkin Arrow
47:12 Leather Archer Armor
52:34 Bracer
53:05 Ring Archer Armor
52:47 Masonry
58:16 Two-Man Saw
thongvipusa1
6:09 Loom
15:56 Feudal Age
18:06 Double-Bit Axe
19:36 Gold Mining
23:22 Castle Age
22:43 Horse Collar
23:07 Scale Mail Armor
23:18 Forging
23:13 Scale Barding Armor
24:56 Bow Saw
24:51 Stone Mining
32:25 Wheelbarrow
32:29 Padded Archer Armor
38:17 Imperial Age
39:06 Gold Shaft Mining
39:06 Stone Shaft Mining
39:44 Leather Archer Armor
39:19 Fletching
42:29 Hand Cart
46:22 Chain Mail Armor
47:27 Town Watch
52:41 Plate Mail Armor
52:46 Iron Casting
52:32 Chain Barding Armor
53:36 Light Cavalry
hieutacoma
5:05 Loom
14:57 Feudal Age
21:54 Castle Age
48:58 Wheelbarrow
48:39 Stone Mining
50:08 Gold Mining
bacon
4:55 Loom
8:04 Loom
14:37 Feudal Age
18:33 Forging
18:29 Scale Barding Armor
19:16 Wheelbarrow
20:41 Castle Age
19:00 Bloodlines
24:01 Castle Age
24:08 Double-Bit Axe
25:43 Gold Mining
25:43 Stone Mining
25:50 Horse Collar
27:22 Heavy Plow
30:40 Town Watch
33:09 Marauders
35:09 Fletching
39:45 Imperial Age
38:33 Husbandry
39:02 Ballistics
38:38 Murder Holes
39:44 Iron Casting
40:13 Hand Cart
40:07 Town Patrol
40:43 Thumb Ring
41:34 Fervor
41:44 Sanctity
43:21 Bow Saw
43:22 Heavy Cavalry Archer
44:29 Parthian Tactics
44:01 Elite Skirmisher
45:07 Conscription
44:53 Caravan
45:31 Gold Shaft Mining
44:57 Bodkin Arrow
45:02 Padded Archer Armor
45:32 Elite Tarkan
47:40 Blast Furnace
47:50 Scale Mail Armor
48:05 Leather Archer Armor
47:52 Bracer
48:12 Chain Barding Armor
49:18 Chemistry
48:28 Masonry
48:04 Crossbowman
48:11 Light Cavalry
48:11 Cavalier
49:36 Hussar
49:36 Paladin
53:21 Paladin
爱你的伦伦
4:36 Loom
16:58 Feudal Age
18:47 Wheelbarrow
21:35 Double-Bit Axe
21:54 Horse Collar
27:00 Castle Age
27:59 Town Watch
28:53 Heavy Plow
29:07 Bow Saw
30:46 Fletching
34:35 Bodkin Arrow
35:18 Treadmill Crane
41:19 Murder Holes
Connection lost

Rejoining the realm…

Still unreachable

The connection could not be restored.

Session expired

The server has moved on; the page needs a fresh start.